 Dungeon Crawl Stone Soup version 0.30-a0-329-g85436e0a43 (webtiles) character file.

Game seed: 8457228536750643037

659 greynaab the Magician (level 7, 0/51 HPs)
             Began as a Gnoll Wanderer on Oct 28, 2022.
             Was a Follower of Cheibriados.
             Slain by an orc wizard
             ... wielding a +0 dagger
              (3 damage)
             ... on level 4 of the Dungeon.
             The game lasted 00:24:58 (3610 turns).

greynaab the Magician (Gnoll Wanderer)              Turns: 3610, Time: 00:24:59

Health: 0/51       AC:  4    Str: 11    XL:     7   Next: 55%
Magic:  18/18      EV: 13    Int: 14    God:    Cheibriados [*.....]
Gold:   492        SH:  0    Dex: 17    Spells: 5/21 levels left

rFire   . . .      SeeInvis .    a - +9 sword of Zonguldrok {reap}
rCold   . . .      Faith    .    d - +0 buckler
rNeg    . . .      Spirit   .    c - +0 robe
rPois   .          Reflect  +    p - +0 hat
rElec   .          Harm     .    (no cloak)
rCorr   .          Rampage  .    n - +0 pair of gloves
Will    .....                    h - +0 pair of boots
Stlth   +.........               r - amulet of reflection
HPRegen 0.28/turn                (no ring)
MPRegen 0.16/turn                (no ring)

@: confused, hasted, quick
A: fangs 1, strong nose, distributed training
a: Renounce Religion, Bend Time


You were on level 4 of the Dungeon.
You worshipped Cheibriados.
Cheibriados was aware of your devotion.
You visited 1 branch of the dungeon, and saw 5 of its levels.

You collected 1452 gold pieces.
You spent 960 gold pieces at shops.

Inventory:

Hand Weapons
 a - the +9 sword of Zonguldrok (weapon) {reap}
   (You bought it in a shop on level 2 of the Dungeon)

   Any living foe damaged by it may be reanimated upon death as a zombie
   friendly to the wielder, with an increasing chance as more damage is dealt.
 b - a +0 sling
 k - a +1 dagger of venom
 q - a +1 spear of freezing
Missiles
 w - 3 javelins (quivered)
 D - 5 poisoned darts
Armour
 c - a +0 robe (worn)
 d - a +0 buckler (worn)
 h - a +0 pair of boots (worn)
 n - a +0 pair of gloves (worn)
 p - a +0 hat (worn)
Jewellery
 r - an amulet of reflection (around neck)
Scrolls
 e - 2 scrolls of fear
 f - a scroll of immolation {unknown}
 g - a scroll of teleportation
 i - a scroll of blinking {unknown}
 o - 2 scrolls of identify
 s - a scroll of amnesia
 y - a scroll of enchant armour {unknown}
 C - a scroll of enchant weapon {unknown}
 E - a scroll of vulnerability
Potions
 j - 2 potions of might
 t - a potion of ambrosia {unknown}
 u - a potion of resistance {unknown}
 A - a potion of heal wounds {unknown}
 B - 2 potions of degeneration


   Skills:
 + Level 2.6 Fighting
 + Level 2.6 Short Blades
 + Level 2.6 Long Blades
 + Level 2.6 Axes
 + Level 2.6 Maces & Flails
 + Level 2.6 Polearms
 + Level 2.6 Staves
 + Level 2.6 Ranged Weapons
 + Level 2.6 Throwing
 + Level 2.6 Armour
 + Level 3.7 Dodging
 + Level 3.6 Stealth
 + Level 5.3 Shields
 + Level 2.6 Unarmed Combat
 + Level 7.7 Spellcasting
 + Level 2.1 Conjurations
 + Level 2.1 Hexes
 + Level 2.1 Summonings
 + Level 4.4 Necromancy
 + Level 2.1 Translocations
 + Level 2.1 Transmutations
 + Level 2.1 Fire Magic
 + Level 2.1 Ice Magic
 + Level 2.1 Air Magic
 + Level 2.1 Earth Magic
 + Level 2.1 Poison Magic
 + Level 4.0 Invocations
 + Level 2.6 Evocations


You had 5 spell levels left.
You knew the following spells:

 Your Spells              Type           Power      Damage    Failure   Level
a - Necrotise             Necr           68%        1d7       2%          1
b - Sublimation of Blood  Necr           17%        N/A       4%          2
c - Call Canine Familiar  Summ           11%        N/A       21%         3
d - Ignite Poison         Fire/Tmut/Pois 11%        N/A       21%         3
e - Kindle Blastsparks    Fire/Tloc/Air  22%        2d11      21%         3
f - Dispel Undead         Necr           17%        3d10      26%         4

Your spell library contained the following spells:

 Spells                   Type           Power      Damage    Failure   Level
 Apportation              Tloc           22%        N/A       7%          1
 Cigotuvi's Dreadful Rot  Necr/Pois/Air  26%        N/A       8%          2
 Vampiric Draining        Necr           17%        2d7       9%          3
 Portal Projectile        Hex/Tloc       22%        N/A       21%         3
 Leda's Liquefaction      Hex/Erth       5%         N/A       56%         4
 Alistair's Intoxication  Tmut/Pois      7%         N/A       88%         5
 Freezing Cloud           Conj/Ice/Air   5%         6-21      88%         5
 Death Channel            Necr           8%         N/A       99%         6


Dungeon Overview and Level Annotations

Branches:
Dungeon (5/15) Zot: 39208
 Temple: D:4-7

Altars:
Cheibriados

Shops:
D:2 (

Annotations:
D:5 Menkaure


Innate Abilities, Weirdness & Mutations

You have very sharp teeth.
Your uncanny sense of smell can sniff out nearby items.
Your experience applies equally to all skills.


Message History

The orc wizard gestures wildly while chanting.
The orc wizard flickers and vanishes!
Deactivating autopickup; reactivate with Ctrl-A.
The orc hits your quokka zombie with a +0 short sword.
Okay, then.
You feel less confused.
The orc hits your quokka zombie with a +0 short sword.
Your quokka zombie is destroyed!
Something hits you.
You hear some strange, mumbled words.
Something tries to affect you, but you resist.
You miss something. The orc hits you but does no damage.
You hear some strange, mumbled words.
You are confused.
Are you sure you want to stumble around while confused and next to your black bear zombie?
Okay, then.
You hear some strange, mumbled words.
A puff of flame appears from out of thin air!
The puff of flame hits you! The orc hits you with a +0 short sword.
The orc hits you but does no damage.
You hear some strange, mumbled words.
A magic dart appears from out of thin air!
The magic dart hits you!
* * * LOW HITPOINT WARNING * * *
Unknown command.
The orc barely misses you. Something hits you but does no damage.
Unknown command.
The orc misses you. Something hits you.
* * * LOW HITPOINT WARNING * * *
Unknown command.
It was a potion of haste.
You feel yourself speed up.
Cheibriados forgives your accidental hurry, just this once.
The orc hits you with a +0 short sword.
* * * LOW HITPOINT WARNING * * *
Something hits you.
* * * LOW HITPOINT WARNING * * *
Unknown command.
It was a potion of magic.
Magic courses through your body. The orc completely misses you.
Something hits you.
You die...

..........#.##........
......#.###..###......
.....##.#.#..##.....#.
#.##.#........#.....#. #
#.##.......#.......
#.##.###........##...#
#..................#.#
......##Z.............#..
..... #Z@Z..........?....
.###.###{o............[..
#......................
.......>......^........
..............<...#....
..............#..##..##
.............##.#..o.#
....................o.
#..##.........#.######.


You could see an orc, a friendly black bear zombie, a friendly hobgoblin zombie
and a friendly orc priest zombie.

Vanquished Creatures
  3 black bears
  Blork the orc (D:3)
  A jelly (D:5)
  An orc priest (D:4)
  A hound (D:4)
  An iguana (D:3)
  An orc wizard (D:4)
  4 gnolls (D:5)
  4 adders
  An ufetubus (D:5)
  A dart slug (D:3)
  4 orcs
  7 bats
  4 endoplasms
  4 giant cockroaches
  5 hobgoblins
  6 jackals
  4 quokkas
  5 ball pythons
  A frilled lizard (D:1)
  7 goblins
  7 kobolds
  5 rats
78 creatures vanquished.

Vanquished Creatures (collateral kills)
  A shadow imp (D:5)
  A white imp (D:5)
  An endoplasm (D:2)
3 creatures vanquished.

Vanquished Creatures (others)
  A hound zombie (D:4)
  An orc zombie (D:4)
  A quokka zombie (D:4)
3 creatures vanquished.

Grand Total: 84 creatures vanquished

Notes
Turn   | Place    | Note
-------+----------+-------------------------------------------
     0 | D:1      | greynaab the Gnoll Wanderer began the quest for the Orb.
     0 | D:1      | greynaab set off with the following items: a +0 dagger, a
                  | potion of might, a +0 robe, a +0 buckler; and the following
                  | spell memorised: Necrotise; and the following spells
                  | available to memorise: Sublimation of Blood, Vampiric
                  | Draining, Cigotuvi's Dreadful Rot.
     0 | D:1      | Reached XP level 1. HP: 13/13 MP: 8/8
   252 | D:1      | Reached XP level 2. HP: 19/19 MP: 7/10
   286 | D:1      | Learned a level 2 spell: Sublimation of Blood
   923 | D:1      | Reached XP level 3. HP: 25/25 MP: 11/11
  1118 | D:2      | Found Wiutt's Weapon Shop.
  1310 | D:2      | Reached skill level 1 in Fighting
  1310 | D:2      | Reached skill level 1 in Short Blades
  1310 | D:2      | Reached skill level 1 in Long Blades
  1310 | D:2      | Reached skill level 1 in Axes
  1310 | D:2      | Reached skill level 1 in Maces & Flails
  1310 | D:2      | Reached skill level 1 in Polearms
  1310 | D:2      | Reached skill level 1 in Staves
  1310 | D:2      | Reached skill level 1 in Ranged Weapons
  1310 | D:2      | Reached skill level 1 in Throwing
  1310 | D:2      | Reached skill level 1 in Armour
  1310 | D:2      | Reached skill level 1 in Unarmed Combat
  1310 | D:2      | Reached skill level 1 in Evocations
  1514 | D:2      | Reached XP level 4. HP: 32/32 MP: 5/13
  1918 | D:3      | Reached skill level 1 in Conjurations
  1918 | D:3      | Reached skill level 1 in Hexes
  1918 | D:3      | Reached skill level 1 in Summonings
  1918 | D:3      | Reached skill level 1 in Translocations
  1918 | D:3      | Reached skill level 1 in Transmutations
  1918 | D:3      | Reached skill level 1 in Fire Magic
  1918 | D:3      | Reached skill level 1 in Ice Magic
  1918 | D:3      | Reached skill level 1 in Air Magic
  1918 | D:3      | Reached skill level 1 in Earth Magic
  1918 | D:3      | Reached skill level 1 in Poison Magic
  2089 | D:3      | Found a snail-covered altar of Cheibriados.
  2093 | D:3      | Became a worshipper of Cheibriados the Contemplative
  2161 | D:3      | Learned a level 3 spell: Ignite Poison
  2165 | D:3      | Learned a level 3 spell: Call Canine Familiar
  2294 | D:4      | Noticed a black bear
  2338 | D:4      | Noticed Blork the orc
  2340 | D:4      | Noticed a black bear
  2498 | D:5      | Entered Level 5 of the Dungeon
  2699 | D:5      | Reached XP level 5. HP: 37/37 MP: 10/14
  2705 | D:5      | Learned a level 3 spell: Kindle Blastsparks
  2776 | D:5      | Identified a scroll of acquirement
  2777 | D:5      | Acquired 1252 gold pieces
  2849 | D:5      | Noticed a black bear
  2881 | D:5      | Killed a black bear
  2882 | D:5      | Reached XP level 6. HP: 36/44 MP: 9/16
  2919 | D:5      | Noticed Menkaure
  2936 | D:5      | Reached skill level 5 in Shields
  3105 | D:5      | Learned a level 4 spell: Dispel Undead
  3212 | D:2      | Bought the +9 sword of Zonguldrok {reap} for 960 gold
                  | pieces
  3212 | D:2      | Found the +9 sword of Zonguldrok {reap}
  3345 | D:3      | Killed Blork the orc
  3430 | D:4      | Killed a black bear
  3431 | D:4      | Reached XP level 7. HP: 45/51 MP: 18/18
  3546 | D:4      | Reached * piety under Cheibriados
  3610 | D:4      | Slain by an orc wizard

Illustrated notes

Levels and vault maps discovered:
D:1:      minmay_arrival_plants_in_alcoves, layout_loops_corners
D:2:      layout_rooms, serial_shops, shop, minmay_cupped
D:3:      layout_rooms, mainiacjoe_overflow_six_doors_small
D:4:      layout_cave_pools, lemuel_mausoleum_altar_kikubaaqudgha,
          dk_noncrumbling_3, uniq_blork_the_orc, uniq_crazy_yiuf_cottage
D:5:      layout_basic, nicolae_overflow_crystal_walls, tgw_sif, uniq_menkaure

Skill      XL: |  1  2  3  4  5  6  7 |
---------------+----------------------+-----
Fighting       | 1 2 |  2.6
Short Blades   | 1 2 |  2.6
Long Blades    | 1 2 |  2.6
Axes           | 1 2 |  2.6
Maces & Flails | 1 2 |  2.6
Polearms       | 1 2 |  2.6
Staves         | 1 2 |  2.6
Ranged Weapons | 1 2 |  2.6
Throwing       | 1 2 |  2.6
Armour         | 1 2 |  2.6
Unarmed Combat | 1 2 |  2.6
Evocations     | 1 2 |  2.6
Conjurations   | 1 2 |  2.1
Hexes          | 1 2 |  2.1
Summonings     | 1 2 |  2.1
Translocations | 1 2 |  2.1
Transmutations | 1 2 |  2.1
Fire Magic     | 1 2 |  2.1
Ice Magic      | 1 2 |  2.1
Air Magic      | 1 2 |  2.1
Earth Magic    | 1 2 |  2.1
Poison Magic   | 1 2 |  2.1
Invocations    | 3 4 |  4.0
Dodging        | 3 |  3.7
Necromancy     | 4 |  4.4
Stealth        | 3 |  3.6
Shields        | 5 |  5.3
Spellcasting   | |  7.7

Action                   |  1- 3 |  4- 6 |  7- 9 || total
-------------------------+-------+-------+-------++-------
Melee: Dagger            |     1 |    18 |       ||    19
       Double sword      |       |     6 |    10 ||    16
       Spear             |       |     1 |       ||     1
       Bite              |       |     1 |       ||     1
 Fire: Sling             |    99 |    69 |     3 ||   171
Throw: Dart              |       |     7 |       ||     7
 Cast: Necrotise         |    46 |    42 |       ||    88
       Call Canine Famil |       |     3 |     2 ||     5
       Kindle Blastspark |       |     4 |       ||     4
  Use: Scroll            |       |    11 |       ||    11
       Potion            |       |     5 |     2 ||     7
 Stab: Distracted        |       |       |     1 ||     1
Armor: Robe              |    22 |    25 |     4 ||    51
Dodge: Dodged            |    59 |    73 |     8 ||   140
Block: Buckler           |    49 |    82 |     5 ||   136
       Reflection        |     1 |     7 |       ||     8

Table legend: (Time is in decaauts)
 A = Elapsed time spent in this place.
 B = Non-inter-level travel time spent in this place.
 C = Inter-level travel time spent in this place.
 D = Time resting spent in this place.
 E = Time spent auto-exploring this place.
 F = Levels seen in this place.
 G = Mean time per level.
                   A        B        C        D        E       F      G
               +--------+--------+--------+--------+--------+-----+--------+
         Total |   3917 |   3549 |    368 |    461 |   1869 |   5 |  783.4 |
       Dungeon |   3917 |   3549 |    368 |    461 |   1869 |   5 |  783.4 |
               +--------+--------+--------+--------+--------+-----+--------+

Top non-repeatable levels by time:
     D:1: 1096 daAuts
     D:3: 917 daAuts
     D:2: 765 daAuts
     D:5: 694 daAuts
     D:4: 443 daAuts
